 Dungeon Crawl Stone Soup version 0.28.0 (webtiles) character file.

Game seed: 11063427366998676794

919 SnakkuSnakku7 the Charlatan (level 7, -2/44 HPs)
             Began as a Deep Elf Artificer on Feb 16, 2022.
             Slain by a scorpion (6 damage)
             ... on level 4 of the Dungeon.
             The game lasted 00:08:48 (7867 turns).

SnakkuSnakku7 the Charlatan (Deep Elf Artificer)    Turns: 7867, Time: 00:08:49

Health: -2/44      AC:  5    Str: 11    XL:     7   Next: 83%
Magic:  9/9        EV: 10    Int: 16    God:
Gold:   81         SH:  0    Dex: 13    Spells: 6/6 levels left

rFire   . . .      SeeInvis .   p - +0 short sword
rCold   . . .      Faith    .   (no shield)
rNeg    + . .      Spirit   .   k - +0 ring mail
rPois   .          Reflect  .   (no helmet)
rElec   .          Harm     .   (no cloak)
rCorr   .          Rampage  .   (no gloves)
Will    .....                   (no boots)
Stlth   +.........              (no amulet)
HPRegen 0.14/turn               o - ring of positive energy
MPRegen 0.11/turn               (no ring)

@: lethally poisoned (-2 -> -22)
A: clumsy 1, high MP 1, evolution 1
a: no special abilities


You were on level 4 of the Dungeon.
You visited 1 branch of the dungeon, and saw 5 of its levels.

You collected 243 gold pieces.
You spent 162 gold pieces at shops.

Inventory:

Hand Weapons
 a - a +0 club
 m - a +0 long sword
 p - a +0 short sword (weapon)
Missiles
 f - 57 arrows
Armour
 b - a +0 leather armour
 k - a +0 ring mail (worn)
 v - a +0 plate armour
Jewellery
 o - a ring of positive energy (left hand)
Wands
 c - a wand of flame (12)
Scrolls
 h - 2 scrolls of silence
 i - 3 scrolls of fog
 j - a scroll of blinking
 l - a scroll of magic mapping {unknown}
 n - a scroll of fear {unknown}
 s - a scroll of brand weapon {unknown}
 t - 2 scrolls of teleportation
 w - a scroll of noise {unknown}
 y - a scroll of summoning {unknown}
 A - a scroll of identify {unknown}
 B - a scroll of vulnerability {unknown}
Potions
 q - a potion of resistance
 x - a potion of haste
 z - a potion of brilliance {unknown}
 C - a potion of heal wounds {unknown}
 D - a potion of mutation
Miscellaneous
 e - a piece from Xom's chessboard (15/15)


   Skills:
 + Level 5.1 Fighting
 - Level 4.0 Throwing
 - Level 0.7 Armour
 - Level 2.4 Dodging
 - Level 1.2 Stealth
 - Level 6.3 Evocations


You had 6 spell levels left.
You didn't know any spells.
Your spell library contained the following spells:

 Spells                   Type           Power      Damage    Failure   Level
 Sandblast                Erth           0%         2d4       52%         1
 Summon Small Mammal      Summ           0%         N/A       52%         1
 Passwall                 Tmut/Erth      0%         N/A       67%         2
 Call Canine Familiar     Summ           0%         N/A       88%         3
 Stone Arrow              Conj/Erth      0%         3d7       88%         3
 Summon Guardian Golem    Hex/Summ       0%         N/A       88%         3
 Petrify                  Tmut/Erth      0%         N/A       99%         4
 Metabolic Englaciation   Hex/Ice        0%         N/A       100%        5
 Statue Form              Tmut/Erth      0%         N/A       100%        6


Dungeon Overview and Level Annotations

Branches:
Dungeon (5/15)
 Temple: D:4-7

Altars:
Cheibriados
Vehumet

Shops:
D:3 *


Innate Abilities, Weirdness & Mutations

You are clumsy. (Dex -2)
You have an increased reservoir of magic. (+10% MP)
You have hidden genetic potential.


Message History

The scorpion barely misses you.
You hit the scorpion but do no damage.
The scorpion is lightly wounded.
The scorpion stings you!
You are poisoned.
The scorpion poisons you!
You barely miss the scorpion.
The scorpion is moderately wounded.
You feel very sick.
The scorpion stings you but does no damage.
You closely miss the scorpion.
The scorpion is moderately wounded.
You feel sick. The scorpion barely misses you. The scorpion stings you.
You are lethally poisoned!
The scorpion poisons you!
You closely miss the scorpion.
The scorpion is heavily wounded.
You feel very sick. The scorpion barely misses you.
Throw: 2 darts (poison)
Press: ? - help, Q - select action, (/) - cycle Shift-Dir - straight line, f/p - scorpion
Aim: a scorpion (severely wounded, poisoned, 62% to hit)
You throw a poisoned dart.
The poisoned dart barely misses the scorpion.
* * * LOW HITPOINT WARNING * * *
You feel very sick.
The scorpion looks more healthy.
The scorpion stings you.
* * * LOW HITPOINT WARNING * * *
You are more poisoned.
The scorpion poisons you!
Throw: dart (poison)
Press: ? - help, Q - select action, (/) - cycle Shift-Dir - straight line, f/p - scorpion
Aim: a scorpion (severely wounded, 62% to hit)
You throw a poisoned dart. The poisoned dart hits the scorpion.
The scorpion is poisoned.
The scorpion is severely wounded.
* * * LOW HITPOINT WARNING * * *
You feel very sick. The scorpion stings you.
You die...

###.# ###'#### #.# #. #.#
#..(...# #.# #. #.#
#......# #.# #. #.#
#......# ### #.# ##
#.########'######.# #.#
#.#...............# #.#
#.#.######.######.# #.#####
#.#.# #.##s######.###......
#.#.# #...@................
#.#.# #.##.######.#########
#.#.# #.#.............#....
#.#.# #.#..##...#.###.#....
#.#.# #.#...'.........'....
#.#.###.#.###...#.###.#....
#.#.....#.# #...#[# #)#....
#.#######.# #...#.# #.#....
#.........###...#)###.#....


You could see a scorpion (poisoned).

Vanquished Creatures
  Prince Ribbit (D:5)
  A water moccasin (D:5)
  A necrophage (D:4)
  An ogre (D:5)
  A phantom (D:5)
  2 scorpions
  A jelly (D:4)
  An orc priest (D:3)
  2 gnolls (D:4)
  8 adders
  An ufetubus (D:4)
  An adder skeleton (D:4)
  A worm (D:2)
  4 dart slugs
  9 ball pythons
  6 bats
  8 endoplasms
  2 giant cockroaches (D:3)
  7 goblins
  7 hobgoblins
  4 jackals
  4 kobolds
  4 quokkas
  3 frilled lizards
  7 rats
87 creatures vanquished.

Vanquished Creatures (collateral kills)
  A gnoll (D:4)
1 creature vanquished.

Vanquished Creatures (others)
  2 orc wizards (D:5)
  A gnoll (D:4)
  2 orcs (D:3)
5 creatures vanquished.

Grand Total: 93 creatures vanquished

Notes
Turn   | Place    | Note
-------+----------+-------------------------------------------
     0 | D:1      | SnakkuSnakku7 the Deep Elf Artificer began the quest for
                  | the Orb.
     0 | D:1      | Reached XP level 1. HP: 11/11 MP: 3/3
   297 | D:1      | Reached XP level 2. HP: 8/16 MP: 4/4
   446 | D:1      | Reached skill level 4 in Evocations
   562 | D:1      | Found a faded altar of an unknown god.
   895 | D:1      | Reached skill level 1 in Throwing
  1262 | D:2      | Reached XP level 3. HP: 16/20 MP: 5/5
  2959 | D:3      | Reached XP level 4. HP: 19/24 MP: 6/6
  3138 | D:3      | Reached skill level 5 in Evocations
  3198 | D:3      | HP: 1/24 [orc wizard/magic dart (6)]
  3786 | D:3      | Found a radiant altar of Vehumet.
  4115 | D:3      | Reached XP level 5. HP: 14/28 MP: 7/7
  4407 | D:3      | Found a snail-covered altar of Cheibriados.
  4876 | D:3      | Found Mischix's Assorted Antiques.
  4883 | D:3      | Bought a glowing glass wand for 96 gold pieces
  5553 | D:4      | Noticed a necrophage
  5565 | D:4      | Killed a necrophage
  5566 | D:4      | Reached skill level 6 in Evocations
  5566 | D:4      | Reached XP level 6. HP: 33/33 MP: 8/8
  5601 | D:4      | Reached skill level 1 in Fighting
  6760 | D:3      | Bought a fizzy silvery potion for 21 gold pieces
  6760 | D:3      | Bought a scroll labelled GAKLIUM ONET for 24 gold pieces
  6760 | D:3      | Bought a sapphire potion for 21 gold pieces
  6832 | D:5      | Entered Level 5 of the Dungeon
  6842 | D:5      | Reached XP level 7. HP: 40/40 MP: 9/9
  6890 | D:5      | Noticed Prince Ribbit
  6894 | D:5      | Gained mutation: You have hidden genetic potential. [potion
                  | of mutation]
  6894 | D:5      | Gained mutation: You are clumsy. (Dex -2) [potion of
                  | mutation]
  6894 | D:5      | Gained mutation: You have an increased reservoir of magic.
                  | (+10% MP) [potion of mutation]
  6921 | D:5      | Killed Prince Ribbit
  7772 | D:5      | Reached skill level 5 in Fighting
  7817 | D:5      | Noticed a yak
  7867 | D:4      | Slain by a scorpion

Illustrated notes

Levels and vault maps discovered:
D:1:      shiori_arrival_oz, layout_rooms,
          shapermc_ecumenical_altar_totnotflames, amcnicky_mini_pool_small,
          chequers_serial_rivers_micro_d, minmay_split_cup_small
D:2:      layout_basic
D:3:      layout_loops_corners, mainiacjoe_overflow_tiny_flanked,
          vehumet_altar_wand_db, serial_shops, shop, dk_noncrumbling_4,
          nicolae_concentric_dashed_squares_wild, chequers_serial_rivers_large_b
D:4:      layout_basic, grunt_ministairs_8
D:5:      layout_rooms, chequers_temple_overflow_minitemple,
          minmay_a_box_with_orc_wizards_in_it, uniq_prince_ribbit1

Skill      XL: |  1  2  3  4  5  6  7 |
---------------+----------------------+-----
Evocations     | 4 5 6 |  6.3
Throwing       | 1 2 4 |  4.0
Fighting       | 2 5 |  5.1
Armour         | |  0.7
Dodging        | |  2.4
Stealth        | |  1.2

Action                   |  1- 3 |  4- 6 |  7- 9 || total
-------------------------+-------+-------+-------++-------
Melee: Club              |   142 |       |       ||   142
       Punch             |     3 |     3 |       ||     6
       Long sword        |    43 |       |       ||    43
       Short sword       |    16 |   179 |    30 ||   225
Throw: Dart              |     4 |    13 |     4 ||    21
Evoke: Wand              |     3 |    29 |    19 ||    51
       Piece from Xom's  |       |       |     2 ||     2
  Use: Scroll            |       |       |     4 ||     4
       Potion            |       |       |     4 ||     4
 Stab: Sleeping          |     1 |       |       ||     1
       Distracted        |       |     1 |       ||     1
       Paralysed         |       |    14 |     6 ||    20
Armor: Leather armour    |    27 |       |       ||    27
       Ring mail         |    44 |    60 |    25 ||   129
Dodge: Dodged            |   157 |   107 |    22 ||   286
